 Dungeon Crawl Stone Soup version 0.26-a0-651-gb41185065b (webtiles) character file.

Game seed: 15426313636270334886

69 loralnil the Insei (level 4, -5/29 HPs)
             Began as an Octopode Transmuter on Oct 7, 2020.
             Slain by an orc
             ... wielding a +0 falchion of electrocution
              (12 damage)
             ... on level 2 of the Dungeon.
             The game lasted 00:03:31 (2512 turns).

loralnil the Insei (Octopode Transmuter)            Turns: 2512, Time: 00:03:31

Health: -5/29      AC:  1    Str:  9    XL:     4   Next: 20%
Magic:  6/7        EV: 13    Int: 16    God:
Gold:   144        SH:  0    Dex: 12    Spells: 2/8 levels left

rFire    . . .     SeeInvis .     - Unarmed
rCold    . . .     Faith    .   (no shield)
rNeg     . . .     Spirit   .   (helmet currently unavailable)
rPois    .         Reflect  .   (no amulet)
rElec    .         Harm     .   (no ring)
rCorr    .         Rampage  .   (no ring)
MR       .....                  (no ring)
Stlth    ++........             (no ring)
HPRegen  0.09/turn              (no ring)
MPRegen  0.10/turn              (no ring)
                                (no ring)
                                (no ring)

@: appendages
A: almost no armour, stealthy swim, amphibious, 8 rings, constrict 8, tentacle
spike 3, camouflage 1, gelatinous body 1
a: End Transformation


You were on level 2 of the Dungeon.
One of your tentacles had a temporary spike.
You visited 1 branch of the dungeon, and saw 3 of its levels.

You collected 144 gold pieces.

Inventory:

Wands
 e - a wand of digging (3)
Scrolls
 a - a scroll of amnesia
 c - a scroll of fear
 d - 2 scrolls of identify
 g - a scroll of remove curse {unknown}
Potions
 b - 2 potions of curing
 f - a potion of haste


   Skills:
 + Level 1.8 Fighting
 + Level 2.5 Dodging
 + Level 3.4 Unarmed Combat
 + Level 2.5 Spellcasting
 + Level 2.5 Transmutations
 + Level 0.1 Poison Magic


You had 2 spell levels left.
You knew the following spells:

 Your Spells              Type           Power        Failure   Level
a - Beastly Appendage     Tmut           ##....       7%          1
b - Wereblood             Tmut           ##......     11%         2
c - Spider Form           Tmut/Pois      #.........   34%         3

Your spell library contained the following spells:

 Spells                   Type           Power        Failure   Level
 Ice Form                 Ice/Tmut       #.......     75%         4
 Blade Hands              Tmut           ##........   88%         5


Dungeon Overview and Level Annotations

Branches:
Dungeon (3/15)

Altars:
Gozag
Beogh


Innate Abilities, Weirdness & Mutations

You cannot wear most types of armour.
You are very stealthy in the water. (Stealth+)
You are amphibious.
You can wear up to eight rings at the same time.
You can use your tentacles to constrict eight enemies at once.
Your skin changes colour to match your surroundings (Stealth+).
Your rubbery body absorbs attacks. (AC +1, EV +1)
One of your tentacles bears a large vicious spike.


Message History

Ouch! That really hurt!
* * * LOW HITPOINT WARNING * * *
The orc completely misses you. The orc closely misses you.
There is a stone staircase leading up here.
The orc hits you with a +0 mace.
* * * LOW HITPOINT WARNING * * *
You climb upwards.
There is a stone staircase leading down here.
The orc misses you.
There is a stone staircase leading down here.
The orc hits you with a +0 falchion of electrocution.
* * * LOW HITPOINT WARNING * * *
You feel better. The orc hits you but does no damage.
Casting: Beastly Appendage (safe; 7% risk of failure)
Confirm with . or Enter, or press ? or * to list all spells.
One of your tentacles grows a vicious spike.
The orc hits you with a +0 falchion of electrocution.
* * * LOW HITPOINT WARNING * * *
You are electrocuted!
You die...

..##.#### #.....##.)...#
####....## #.....##...#.#
..##.##.)##### #.........##.#
#.#........>.### ####....(.##^#
#.#.......##>..### ###......##.#
#†#.......####...####.)......##.#
#.#............#.##...###.#####..
#.#.......####oo(....###........#
#.##########....@....###...####.#
#.#####......................##.#
#.##.......##########..#..)#..#..
#.#..##....### ##...........
..########...# #......#####. ###
###.## ##.###.....##. ..#### #..#
#..# #.....##. #.#..## ##.##
#.####.....### #.##..#####
#..#####.#........#


You could see 2 orcs.

Vanquished Creatures
  2 adders (D:2)
  An ooze (D:2)
  2 worms (D:2)
  3 dart slugs
  A leopard gecko (D:2)
  An orc (D:3)
  4 giant cockroaches
  4 goblins
  A hobgoblin (D:1)
  3 jackals (D:3)
  5 kobolds
  A ball python (D:3)
  A bat (D:3)
  2 frilled lizards
  3 rats
34 creatures vanquished.

Notes
Turn   | Place    | Note
-------+----------+-------------------------------------------
     0 | D:1      | loralnil the Octopode Transmuter began the quest for the
                  | Orb.
     0 | D:1      | Reached XP level 1. HP: 13/13 MP: 3/3
   137 | D:1      | Found a roughly hewn altar of Beogh.
   137 | D:1      | Noticed an orc wizard
   138 | D:1      | Noticed an orc warrior
   498 | D:1      | Reached XP level 2. HP: 18/18 MP: 3/5
  1117 | D:2      | Reached XP level 3. HP: 11/23 MP: 6/6
  1123 | D:2      | Learned a level 2 spell: Wereblood
  1127 | D:2      | Learned a level 3 spell: Spider Form
  1928 | D:2      | Reached XP level 4. HP: 28/29 MP: 4/7
  2201 | D:3      | Found an opulent altar of Gozag.
  2512 | D:2      | Slain by an orc

Illustrated notes

Levels and vault maps discovered:
D:1:      erik_arrival_cave_to_civilisation [erik_arrival_cave_to_temple],
          layout_basic
D:2:      layout_rooms, roderic_serpentine_path
D:3:      cheibrodos_greedy_goblins, layout_rooms, overflow_temple_1_default,
          nicolae_underground_beach

Action                   |  1- 3 |  4- 6 || total
-------------------------+-------+-------++-------
Melee: Unarmed           |    59 |    20 ||    79
       Constrict         |    16 |     7 ||    23
       Tentacles         |     7 |     2 ||     9
       Kick              |    12 |     5 ||    17
       Punch             |     4 |       ||     4
 Cast: Beastly Appendage |    18 |     6 ||    24
  Use: Scroll            |     4 |       ||     4
       Potion            |       |     1 ||     1
 Stab: Sleeping          |     1 |       ||     1
Armor: Skin              |     2 |       ||     2
Dodge: Dodged            |    25 |    17 ||    42

Table legend: (Time is in decaauts)
 A = Elapsed time spent in this place.
 B = Non-inter-level travel time spent in this place.
 C = Inter-level travel time spent in this place.
 D = Time resting spent in this place.
 E = Time spent auto-exploring this place.
 F = Levels seen in this place.
 G = Mean time per level.
                   A        B        C        D        E       F      G
               +--------+--------+--------+--------+--------+-----+--------+
         Total |   2508 |   2464 |     44 |    319 |   1810 |   3 |  836.0 |
       Dungeon |   2508 |   2464 |     44 |    319 |   1810 |   3 |  836.0 |
               +--------+--------+--------+--------+--------+-----+--------+

Top non-repeatable levels by time:
     D:2: 1358 daAuts
     D:1: 958 daAuts
     D:3: 191 daAuts
